Map: Glittering Ashes LE

Players

mist - Winner!

  • Race: Zerg Zerg
  • League: Diamond

Jonathan

  • Race: Zerg Zerg
  • League: Diamond

VOD

Have the link to the VOD?

Description

to upload

Time

  • Played on: Jan. 2, 2022, 9:54 p.m.
  • Length: 5:10
Show
View Real Time Build Order
Export as new Build Order

mist Zerg - Winner!

Build Orders: Hatch First 

Get SALT Encoding   

  12  0:00  Drone  
  13  0:13  Overlord  
  13  0:21  Drone  
  14  0:32  Drone x2  
  16  0:49  Hatchery  
  15  0:53  Drone  
  15  0:56  Drone  
  17  1:00  Drone  
  18  1:10  Extractor  
  17  1:16  Spawning Pool  
  16  1:20  Drone  
  16  1:23  Drone  
  18  1:30  Drone  
  19  1:42  Drone  
  20  1:51  Overlord  
  20  2:04  Queen x2  
  20  2:05  Zergling x4  
  26  2:12  Drone x2  
  28  2:16  Metabolic Boost  
  28  2:24  Drone x2  
  30  2:42  Hatchery  
  29  2:49  Baneling Nest  
  29  2:50  Drone  
  29  2:53  Drone  
  29  2:56  Drone  
  31  2:59  Drone  
  31  3:02  Drone  
  33  3:12  Overlord x2  
  33  3:18  Zergling x4  
  35  3:20  Zergling x2  
  35  3:25  Zergling x2  
  36  3:33  Zergling x10  
  41  3:36  Zergling x2  
  42  3:45  Zergling x4  
  42  3:46  Zergling x6  
  42  3:48  Baneling x2  
  47  3:53  Zergling x4  
  49  3:59  Baneling x2  
  47  4:17  Zergling x4  
  47  4:18  Zergling x12  
  54  4:32  Zergling x2  
  54  4:33  Zergling x6  
  55  4:48  Zergling x6  
Show
View Real Time Build Order
Export as new Build Order

Jonathan Zerg 

Build Orders: Hatch First 

Get SALT Encoding   

  12  0:00  Drone  
  13  0:08  Drone  
  14  0:16  Overlord  
  14  0:35  Drone x2  
  16  0:52  Hatchery  
  15  1:04  Spawning Pool  
  15  1:06  Drone  
  15  1:10  Drone  
  16  1:14  Drone  
  17  1:20  Drone  
  18  1:30  Drone  
  19  1:33  Extractor  
  18  1:40  Drone  
  19  1:51  Drone  
  20  2:00  Overlord  
  20  2:04  Queen  
  20  2:05  Queen  
  20  2:06  Drone  
  25  2:12  Drone  
  26  2:18  Drone  
  26  2:21  Drone  
  28  2:27  Drone  
  29  2:34  Drone  
  30  2:38  Drone  
  31  2:44  Drone  
  31  2:49  Drone, Roach Warren  
  32  2:54  Queen  
  32  2:55  Drone  
  32  2:58  Overlord  
  36  3:05  Drone  
  36  3:11  Overlord  
  36  3:18  Zergling x6  
  36  3:19  Drone  
  41  3:20  Drone x2  
  42  3:27  Drone  
  42  3:28  Drone  
  42  3:33  Drone  
  45  3:34  Hatchery  
  45  3:40  Drone  
  45  3:43  Evolution Chamber  
  45  3:45  Drone x4  
  45  3:46  Evolution Chamber  
  47  3:51  Extractor  
  46  3:56  Queen  
  48  4:03  Queen  
  48  4:05  Drone x2  
  50  4:12  Roach  
  46  4:21  Roach x2  
  46  4:22  Roach  
  51  4:27  Spine Crawler  
  51  4:29  Spine Crawler  
  40  4:31  Roach x3  
  40  4:32  Roach  
  42  4:38  Roach  
  41  4:48  Roach  
  41  4:49  Roach x2  
Tags
 
Add a new tag
Caveats
  • Supply blocks, unpowered buildings, or Contaminate may cause inaccurate times.
  • Supply counts are checked every 10 seconds.